Map: Lerilak Crest

Players

capac - Winner!

  • Race: Terran Terran
  • League: Gold

Andreas

  • Race: Protoss Protoss
  • League: Silver

VOD

Have the link to the VOD?

Description

Time

  • Played on: March 8, 2016, 1:51 p.m.
  • Length: 6:20
Show
View Real Time Build Order
Export as new Build Order

capac Terran - Winner!

Build Orders:  

Get SALT Encoding   

  12  0:00  SCV  
  13  0:13  SCV  
  14  0:17  Supply Depot  
  14  0:25  SCV  
  15  0:39  SCV  
  16  0:45  Barracks  
  16  0:47  Refinery  
  16  0:54  SCV  
  17  1:06  SCV  
  18  1:18  SCV  
  19  1:33  SCV  
  19  1:38  Barracks Reactor  
  20  1:41  Command Center  
  20  1:45  SCV  
  20  2:05  Supply Depot  
  20  2:07  Orbital Command  
  20  2:14  Marine x2  
  22  2:22  Factory  
  22  2:37  Barracks, Marine x2  
  22  2:39  SCV  
  25  2:51  SCV  
  25  2:53  Orbital Command  
  25  2:56  Marine  
  27  3:02  Refinery  
  27  3:05  Marine  
  28  3:12  Starport  
  28  3:18  SCV  
  29  3:21  Factory Reactor  
  29  3:22  Marine  
  29  3:24  Marine  
  31  3:27  Barracks Tech Lab  
  31  3:30  SCV  
  31  3:31  SCV  
  33  3:42  Marine x2  
  33  3:45  SCV x2  
  33  3:46  Marine  
  38  3:57  SCV x2  
  38  3:58  Supply Depot  
  40  4:05  Marine x2  
  40  4:06  Marine  
  43  4:11  SCV x2  
  45  4:19  Medivac x2  
  45  4:21  Supply Depot  
  49  4:24  Factory Tech Lab  
  49  4:27  SCV x2  
  49  4:29  Refinery  
  51  4:32  Marine  
  51  4:34  Marine x2  
  54  4:43  SCV x2  
  56  4:48  Supply Depot  
  56  4:50  Barracks  
  56  4:51  Siege Tank  
  59  5:00  Marine  
  59  5:01  Marine x2  
  62  5:10  SCV x2  
  62  5:13  Bunker  
  64  5:18  Marine x2, Medivac  
  68  5:22  SCV x2  
  70  5:45  Marine  
  70  5:53  Marine x2, SCV x2  
  70  5:55  Supply Depot  
  75  6:11  Refinery  
  75  6:15  Barracks Reactor  
  75  6:17  Supply Depot  
  75  6:18  Barracks  
Show
View Real Time Build Order
Export as new Build Order

Andreas Protoss 

Build Orders: 1 Gate Expand 

Get SALT Encoding   

  12  0:01  Probe (Chrono Boost)  
  13  0:12  Probe (Chrono Boost)  
  14  0:23  Pylon  
  14  0:26  Probe (Chrono Boost)  
  15  0:41  Probe (Chrono Boost)  
  16  0:43  Gateway  
  16  0:51  Probe (Chrono Boost)  
  16  0:56  Assimilator  
  17  1:18  Nexus  
  17  1:35  Probe (Chrono Boost)  
  18  1:53  Cybernetics Core  
  18  1:56  Pylon  
  18  2:03  Probe (Chrono Boost)  
  19  2:13  Probe (Chrono Boost)  
  20  2:21  Pylon  
  20  2:24  Probe (Chrono Boost), Assimilator  
  21  2:30  Probe (Chrono Boost)  
  21  2:34  Probe (Chrono Boost)  
  23  2:41  Probe (Chrono Boost)  
  24  2:44  Warp Gate  
  24  2:45  Probe (Chrono Boost)  
  25  2:51  Probe (Chrono Boost)  
  26  3:01  Robotics Facility  
  26  3:02  Probe (Chrono Boost)  
  28  3:13  Probe (Chrono Boost)  
  28  3:20  Stalker  
  28  3:23  Probe (Chrono Boost)  
  31  3:31  Gateway  
  31  3:32  Gateway  
  31  3:34  Probe (Chrono Boost)  
  32  3:40  Assimilator  
  32  3:44  Probe (Chrono Boost)  
  32  3:45  Assimilator  
  33  3:54  Observer  
  33  3:55  Probe (Chrono Boost)  
  35  4:05  Probe (Chrono Boost)  
  36  4:15  Probe (Chrono Boost)  
  36  4:16  Probe (Chrono Boost)  
  38  4:25  Probe (Chrono Boost)  
  38  4:26  Probe (Chrono Boost)  
  40  4:36  Probe (Chrono Boost)  
  40  4:37  Probe (Chrono Boost)  
  42  4:43  Gateway  
  42  4:45  Gateway  
  42  4:47  Probe (Chrono Boost)  
  42  4:48  Immortal  
  47  4:58  Mothership Core (Chrono Boost)  
  49  5:08  Stalker x2  
  49  5:09  Pylon  
  49  5:11  Pylon  
  53  5:17  Probe (Chrono Boost), Pylon  
  53  5:19  Pylon  
  54  5:28  Probe (Chrono Boost)  
  54  5:32  Stalker  
  54  5:34  Stalker x2  
  43  5:38  Probe (Chrono Boost)  
  36  5:49  Probe (Chrono Boost)  
  31  5:56  Zealot  
  33  5:57  Zealot  
  33  5:58  Zealot  
Tags
 
Add a new tag
Caveats
  • Supply blocks, unpowered buildings, or Contaminate may cause inaccurate times.
  • Supply counts are checked every 10 seconds.